 Dungeon Crawl Stone Soup version 0.18.1-6-gd335043 (webtiles) character file.

4597 Gorice the Carver (level 10, -3/67 HPs)
             Began as a Human Skald on May 18, 2016.
             Was a Believer of the Shining One.
             Slain by a mottled dragon (9 damage)
             ... on level 8 of the Dungeon.
             The game lasted 00:57:54 (10920 turns).

Gorice the Carver (Human Skald)                    Turns: 10920, Time: 00:57:54

Health: -3/67      AC: 12    Str: 16    XL:     10   Next: 69%
Magic:  13/13      EV:  6    Int: 13    God:    the Shining One [**....]
Gold:   245        SH:  0    Dex: 12    Spells: 1 memorised, 12 levels left

rFire  . . .     SeeInvis .     a - +0 scimitar
rCold  . . .     Gourm    .     J - +0 chain mail
rNeg   + . .     Faith    .     (no shield)
rPois  .         Spirit   .     E - +0 helmet
rElec  .         Dismiss  .     y - +1 cloak
rCorr  .         Reflect  .     G - +0 pair of gloves
SustAt .         Harm     .     (no boots)
MR     .....                    (no amulet)
Stlth  ..........               (no ring)
                                Y - ring of flight

@: liquid flames, about to teleport, glowing, not resistant to hostile
enchantments, extremely unstealthy
A: no striking features
a: Divine Shield, Renounce Religion, Evoke Flight


You were on level 8 of the Dungeon.
You worshipped the Shining One.
The Shining One was pleased with you.
You were not hungry.

You visited 2 branches of the dungeon, and saw 9 of its levels.

You collected 383 gold pieces.
You spent 138 gold pieces at shops.

Inventory:

Hand Weapons
 a - a +0 scimitar (weapon)
 b - a +0 hunting sling
 p - a +2 dagger of protection
   (You took it off an orc wizard on level 4 of the Dungeon)
 I - a +1 falchion
Missiles
 e - 4 tomahawks (quivered)
 s - 123 bolts
 T - 16 sling bullets
 Z - 128 stones
Armour
 r - a +0 ring mail
 y - a +1 cloak (worn)
 E - a +0 helmet (worn)
 G - a +0 pair of gloves (worn)
 J - a +0 chain mail (worn)
 L - a +0 scale mail
Jewellery
 B - an uncursed ring of protection from cold {unknown}
 D - an uncursed ring of ice
 Y - a ring of flight (left hand)
Wands
 g - a wand of digging (21/24)
 o - a wand of slowing (29/48)
 v - a wand of lightning (8/15)
 x - a wand of flame (25/48)
 C - a wand of hasting (5/9) {!d}
Scrolls
 h - a scroll of amnesia
 l - 2 scrolls of remove curse
 m - a scroll of enchant weapon
 n - 2 scrolls of magic mapping {!r}
 q - 2 scrolls of immolation {unknown}
 w - 2 scrolls of noise {!r}
 F - a scroll of enchant armour {unknown}
 O - a scroll of teleportation {!r}
 Q - a scroll of acquirement {unknown}
Potions
 f - 4 potions of flight
 j - 5 potions of curing
 k - a potion of cancellation {unknown}
 A - a potion of brilliance {!q}
 K - a potion of might {!q}
Books
 c - a book of Battle
 u - a book of Fire
 N - a book of Conjurations
Comestibles
 d - 4 bread rations {!e}
 i - 2 meat rations {!e}
 t - 6 chunks of flesh
 z - 2 fruits


   Skills:
 + Level 2.0 Fighting
 - Level 14.3 Long Blades
 + Level 1.0 Armour
 - Level 1.0 Dodging
 - Level 2.0 Spellcasting
 - Level 3.0 Charms


You had 12 spell levels left.
You knew the following spells:

 Your Spells              Type           Power        Failure   Level  Hunger
a - Infusion              Chrm           #...         97%         1    ##.....


Dungeon Overview and Level Annotations

Branches:
Dungeon (8/15)             Temple (1/1) D:4
   Lair: D:8-11

Altars:
Ashenzari
Cheibriados
Dithmenos
Elyvilon
Gozag
Makhleb
Nemelex Xobeh
Okawaru
Pakellas
Qazlal
Ru
Sif Muna
Xom
Yredelemnul
Zin
The Shining One

Shops:
D:5 ?

Annotations:
D:3 Gorice's ghost, amateur HuSk


Message History

The mottled dragon claws you.
Damage: 7 (max 14)
Your chain mail prevents you from hitting the mottled dragon.
The mottled dragon is severely wounded.
You are covered in liquid flames!
* * * LOW HITPOINT WARNING * * *
The mottled dragon breathes sticky fire at you.
The sticky flame hits you!
You are covered in liquid flames!
Damage: 5 (max 14)
You hit the mottled dragon but do no damage.
The mottled dragon is severely wounded.
You are covered in liquid flames!
* * * LOW HITPOINT WARNING * * *
The mottled dragon bites you.
* * * LOW HITPOINT WARNING * * *
The mottled dragon claws you but does no damage.
Some of the chunks of flesh in your inventory have rotted away.
Damage: 8 (max 14)
You hit the mottled dragon but do no damage.
The mottled dragon is severely wounded.
You are covered in liquid flames!
* * * LOW HITPOINT WARNING * * *
Damage: 3 (max 14) Unknown command.
You hit the mottled dragon but do no damage.
The mottled dragon is severely wounded.
You are covered in liquid flames!
* * * LOW HITPOINT WARNING * * *
The mottled dragon bites you.
* * * LOW HITPOINT WARNING * * *
The mottled dragon claws you but does no damage.
Damage: 3 (max 14) Drink which item? (? for menu, Esc to quit)
You feel better.
You are covered in liquid flames!
* * * LOW HITPOINT WARNING * * *
The mottled dragon breathes sticky fire at you.
The sticky flame hits you!
You are covered in liquid flames!
* * * LOW HITPOINT WARNING * * *
Damage: 5 (max 14) Read which item? (? for menu, Esc to quit)
Really read
O - 2 scrolls of teleportation {!r}?
As you read the scroll of teleportation {!r}, it crumbles to dust.
You feel strangely unstable.
You are covered in liquid flames!
* * * LOW HITPOINT WARNING * * *
The mottled dragon bites you!
You die...

........##)).....#
.........#.#..)..##
.........####.....##
#.....#...# ##[.8..#
#.....#...####.....##
#...#####('(##.D....#
#.....#...#.##......#
#.....#...#.##......#
.........##@##(.....#
.........##D#((.....#
........##.T).(....##
#.....######..(.8..########
###### ..>.(............
#....(..##.#.####.
......(........###.#
..#........#.........
................####.


You could see a troll and a mottled dragon.

Vanquished Creatures
  A cyclops (D:8)
  Joseph (D:7)
  A gargoyle (D:8)
  A shadow (D:8)
  A yak (D:7)
  A hippogriff (D:8)
  Menkaure (D:6)
  Edmund (D:5)
  An orc warrior (D:8)
  Purgy (D:3)
  2 ice beasts
  2 sky beasts
  A phantom (D:4)
  2 necrophages (D:8)
  4 ogres
  2 centaurs (D:8)
  2 giant frogs
  A scorpion (D:4)
  5 wights
  A howler monkey (D:5)
  A quasit (D:8)
  A centaur zombie (D:6)
  2 hounds
  4 crimson imps
  A jelly (D:6)
  3 orc priests
  10 orc wizards
  2 iguanas
  4 worker ants
  A worker ant zombie (D:5)
  4 gnolls
  11 adders
  5 white imps
  A worker ant simulacrum (D:8)
  3 ufetubi (D:8)
  2 oozes
  2 adder skeletons
  A worm (D:5)
  3 dart slugs
  5 giant geckos
  41 orcs
  7 giant cockroaches
  2 gnoll zombies (D:2)
  5 hobgoblins
  8 jackals
  3 quokkas
  A ball python (D:3)
  5 bats
  A giant gecko simulacrum (D:8)
  A giant gecko skeleton (D:5)
  5 giant newts
  8 goblins
  9 kobolds
  13 rats
207 creatures vanquished.

Notes
Turn   | Place    | Note
--------------------------------------------------------------
     0 | D:1      | Gorice the Human Skald began the quest for the Orb.
     0 | D:1      | Reached XP level 1. HP: 16/16 MP: 3/3
   241 | D:1      | Reached XP level 2. HP: 12/22 MP: 5/5
   408 | D:1      | Reached skill level 3 in Long Blades
   643 | D:1      | Reached XP level 3. HP: 27/27 MP: 6/6
  1533 | D:2      | Reached XP level 4. HP: 33/33 MP: 7/7
  1537 | D:2      | Found a sacrificial altar of Ru.
  1572 | D:2      | Reached skill level 4 in Long Blades
  1633 | D:2      | HP: 9/33 [poisoned by an adder]
  1638 | D:2      | HP: 7/33 [poisoned by an adder]
  1643 | D:2      | HP: 5/33 [poisoned by an adder]
  1649 | D:2      | HP: 3/33 [poisoned by an adder]
  1657 | D:2      | HP: 2/33 [poisoned by an adder]
  2261 | D:2      | Found a shadowy altar of Dithmenos.
  2355 | D:2      | Found a basalt altar of Yredelemnul.
  2556 | D:3      | Reached XP level 5. HP: 38/38 MP: 6/8
  2696 | D:3      | Noticed Gorice's ghost (amateur HuSk)
  2885 | D:3      | Found a burning altar of Makhleb.
  3180 | D:3      | Reached skill level 5 in Long Blades
  3524 | D:3      | Noticed Purgy
  3538 | D:3      | Killed Purgy
  3538 | D:3      | Reached skill level 6 in Long Blades
  3538 | D:3      | Reached XP level 6. HP: 37/44 MP: 1/9
  4039 | D:4      | Noticed an ogre
  4048 | D:3      | HP: 4/44 [ogre/giant club (12)]
  4381 | D:4      | HP: 13/44 [orc wizard/dagger (2)]
  4382 | D:4      | Reached XP level 7. HP: 15/50 MP: 2/10
  4387 | D:4      | HP: 14/50 [poisoned by a scorpion]
  4395 | D:4      | HP: 14/50 [poisoned by a scorpion]
  4641 | D:4      | Reached skill level 7 in Long Blades
  4911 | D:4      | Found a stormy altar of Qazlal.
  4944 | D:4      | Found a staircase to the Ecumenical Temple.
  4960 | Temple   | Entered the Ecumenical Temple
  5381 | D:4      | Reached skill level 8 in Long Blades
  5425 | D:4      | Reached XP level 8. HP: 21/56 MP: 3/11
  5788 | D:5      | Entered Level 5 of the Dungeon
  5891 | D:4      | Reached skill level 9 in Long Blades
  6007 | D:4      | HP: 14/56 [something/magic dart (3)]
  6548 | D:5      | Found Ukko Tenk's Magic Scroll Shoppe.
  6563 | D:5      | Bought a scroll of recharging for 114 gold pieces
  6610 | D:5      | Bought a scroll of identify for 24 gold pieces
  6645 | D:5      | Found an opulent altar of Gozag.
  6722 | D:5      | Noticed Edmund
  6761 | D:5      | Reached skill level 10 in Long Blades
  6898 | D:5      | Killed Edmund
  7276 | D:6      | Reached XP level 9. HP: 60/61 MP: 6/12
  7287 | D:6      | Found a shattered altar of Ashenzari.
  7537 | D:6      | Noticed Menkaure
  7550 | D:6      | Killed Menkaure
  7550 | D:6      | Reached skill level 11 in Long Blades
  8783 | D:7      | Noticed Joseph
  8788 | D:7      | Found a shimmering altar of Xom.
  8813 | D:7      | Killed Joseph
  8813 | D:7      | Reached skill level 12 in Long Blades
  9232 | D:7      | Found an iron altar of Okawaru.
  9233 | D:7      | Found a glowing golden altar of the Shining One.
  9241 | D:7      | Became a worshipper of the Shining One
  9598 | D:8      | Reached * piety under the Shining One
  9604 | D:8      | Reached XP level 10. HP: 65/67 MP: 13/13
  9649 | D:7      | HP: 16/67 [yak (11)]
  9656 | D:7      | Reached skill level 13 in Long Blades
  9678 | D:7      | HP: 13/67 [worker ant (6)]
  9989 | D:8      | Noticed a gargoyle
 10007 | D:8      | Killed a gargoyle
 10198 | D:8      | Noticed an eight-headed hydra
 10651 | D:8      | Reached skill level 14 in Long Blades
 10652 | D:8      | Noticed a cyclops
 10674 | D:8      | Reached ** piety under the Shining One
 10680 | D:8      | HP: 15/67 [cyclops (29)]
 10685 | D:8      | Killed a cyclops
 10917 | D:8      | HP: 20/67 [burnt (3)]
 10920 | D:8      | HP: 6/67 [burnt (6)]
 10920 | D:8      | Slain by a mottled dragon

Skill      XL: |  1  2  3  4  5  6  7  8  9 10 |
---------------+-------------------------------+-----
Long Blades    | 3 4 6 8 10 12 14 | 14.3
Fighting       | |  2.0
Armour         | |  1.0
Dodging        | |  1.0
Spellcasting   | |  2.0
Charms         | |  3.0

Action                   |  1- 3 |  4- 6 |  7- 9 | 10-12 || total
-------------------------+-------+-------+-------+-------++-------
Melee: Falchion          |    84 |   121 |   188 |       ||   393
       Long sword        |       |       |   280 |       ||   280
       Scimitar          |       |       |    19 |   149 ||   168
 Fire: Hunting sling     |     1 |    66 |    58 |    14 ||   139
Throw: Stone             |    15 |     2 |     1 |       ||    18
       Tomahawk          |       |       |    36 |     6 ||    42
 Cast: Infusion          |       |    19 |    47 |       ||    66
Evoke: Wand              |       |     1 |     4 |     4 ||     9
  Use: Scroll            |       |     9 |    10 |     2 ||    21
       Potion            |       |     2 |     2 |     4 ||     8
  Eat: Chunk             |     2 |     8 |    19 |     1 ||    30
       Pizza             |       |       |     1 |       ||     1
       Meat ration       |       |       |       |     1 ||     1
Armor: Leather armour    |    20 |       |       |       ||    20
       Ring mail         |       |    48 |   170 |    56 ||   274
       Skin              |       |       |     5 |       ||     5
       Chain mail        |       |       |       |     8 ||     8
Dodge: Dodged            |    38 |    67 |   198 |    69 ||   372

Table legend:
 A = Turns spent in this place as a percentage of turns spent in the entire game.
 B = Non-inter-level travel turns spent in this place as a percentage of non-inter-level travel turns spent in the entire game.
 C = Inter-level travel turns spent in this place as a percentage of turns spent in this place.
 D = Turns resting spent in this place as a percentage of non-inter-level travel turns spent in this place.
 E = Turns spent auto-exploring this place as a percentage of non-inter-level travel turns spent in this place.
 F = Non-inter-level travel turns spent in this place divided by the number of levels of this place that you've seen.
                   A       B       C       D       E      F
               +-------+-------+-------+-------+-------+----------------------
         Total | 100.0 | 100.0 |   0.6 |   2.9 |   3.6 | 464.7
       Dungeon |  98.9 |  98.9 |   0.6 |   3.0 |   3.6 | 516.9
        Temple |   1.1 |   1.1 |   2.1 |   0.0 |   2.1 |  47.0
               +-------+-------+-------+-------+-------+----------------------

Vault maps used:
D:1:      lemuel_arrival_river_passageway, minmay_box_of_dots
D:2:      old_standard_altar, lemuel_zombie_altar_yredelemnul, marbit_many_paths
D:3:      lemuel_doored_altar, uniq_purgy
D:4:      kennysheep_mini, minmay_temple_entry_grid
D:5:      grunt_gozag_breadcrumbs, gup_sewer_entry_spiral, first_bread,
          serial_shops, shop, uniq_edmund
D:6:      cheibrodos_ashenzari_chains, nrook_mini_backslash, uniq_menkaure
D:7:      minitemple, lemuel_crystal_altar, uniq_joseph
D:8:      minmay_cut_squares, old_standard_altar, serial_ice, serial_ice_g,
          serial_ice_e, serial_ice_m, serial_ice_o, grunt_livestock,
          minmay_strange_pillars, minmay_bad_closet, grunt_potential
Temple:   hc_temple_tempest_star_small
